 Dungeon Crawl Stone Soup version 0.17.0-22-g5edae84 (console) character file.

65 jw the Chopper (level 4, -8/32 HPs)
             Began as an Octopode Berserker on Nov 12, 2015.
             Was a Believer of Trog.
             Mangled by a gnoll
             ... wielding a +0 spear
              (9 damage)
             ... on level 3 of the Dungeon.
             The game lasted 00:05:05 (2192 turns).

jw the Chopper (Octopode Berserker)                 Turns: 2192, Time: 00:05:05

Health: -8/32      AC:  1    Str: 16    XL:     4   Next: 13%
Magic:  4/4        EV: 13    Int:  9    God:    Trog [**....]
Gold:   47         SH:  0    Dex: 12    Spells: 0 memorised, 3 levels left

rFire  . . .     SeeInvis .     b - +0 hand axe (curse)
rCold  . . .     Clarity  .     (no shield)
rNeg   . . .     SustAt   .     (helmet restricted)
rPois  .         Gourm    .     d - amulet of resist mutation
rElec  .         Spirit   .     (no ring)
rCorr  .         Warding  .     (no ring)
rMut   +         Stasis   .     (no ring)
MR     ++...                    (no ring)
Stlth  ++........               (no ring)
                                (no ring)
                                (no ring)
                                (no ring)

@: regenerating, very resistant to hostile enchantments, unstealthy
A: almost no armour, amphibious, 8 rings, constrict 8, camouflage 1, gelatinous
body 1
a: Berserk, Trog's Hand, Burn Spellbooks, Renounce Religion


You were on level 3 of the Dungeon.
You worshipped Trog.
Trog was pleased with you.
You were hungry.

You visited 1 branch of the dungeon, and saw 3 of its levels.

You collected 47 gold pieces.

Inventory:

Hand Weapons
 b - a cursed +0 hand axe (weapon)
Missiles
 a - 6 poisoned needles
 c - 16 stones (quivered)
Jewellery
 d - an amulet of resist mutation (around mantle)
Comestibles
 e - a bread ration


   Skills:
 + Level 3.6 Fighting
 * Level 4.1 Axes
 + Level 1.2 Throwing
 - Level 3.0 Dodging


You had 3 spell levels left.
You didn't know any spells.

Dungeon Overview and Level Annotations

Branches:
Dungeon (3/15)

Altars:


Innate Abilities, Weirdness & Mutations

You cannot wear most types of armour.
You are amphibious.
You can wear up to eight rings at the same time.
You can use your tentacles to constrict eight enemies at once.
Your skin changes colour to match your surroundings (Stealth).
Your rubbery body absorbs attacks (AC +1).


Message History

The gnoll hits you but does no damage.
Unknown command.
Unknown command.
Unknown command.
MOVING TO (2,2) 2 gnolls come into view.
Unknown command.
Unknown command.
Unknown command.
MOVING TO (1,1)
The gnoll shouts!
A gnoll comes into view. It is wielding a spear.
Unknown command.
Unknown command.
Unknown command.
Your skin crawls.
You feel resistant to hostile enchantments.
You feel slightly more hungry. The gnoll hits you.
The gnoll hits you from afar with a spear! x2
You die...

#...# .. ##.#
##.. ##..#####...
##...>.....#
#.....##...# #
#.....#....#.#
#.....gg# .#
#.....g## ..#
#..[.g.x###..##.#
##<.%##?..g.....g
##.####...g.g<..
### #.........
#.........
#......$..
##########


You could see 6 gnolls.

Table legend:
 A = Turns spent in this place as a percentage of turns spent in the entire game.
 B = Non-inter-level travel turns spent in this place as a percentage of non-inter-level travel turns spent in the entire game.
 C = Inter-level travel turns spent in this place as a percentage of turns spent in this place.
 D = Turns resting spent in this place as a percentage of non-inter-level travel turns spent in this place.
 E = Turns spent auto-exploring this place as a percentage of non-inter-level travel turns spent in this place.
 F = Non-inter-level travel turns spent in this place divided by the number of levels of this place that you've seen.
                   A       B       C       D       E      F
               +-------+-------+-------+-------+-------+----------------------
         Total | 100.0 | 100.0 |   0.7 |   1.0 |   3.0 | 854.3
       Dungeon | 100.0 | 100.0 |   0.7 |   1.0 |   3.0 | 854.3
               +-------+-------+-------+-------+-------+----------------------

Table legend:
 A = Kills in this place as a percentage of kills in entire the game.
 B = Kills by you in this place as a percentage of kills by you in the entire game.
 C = Kills by friends in this place as a percentage of kills by friends in the entire game.
 D = Other kills in this place as a percentage of other kills in the entire game.
 E = Experience gained in this place as a percentage of experience gained in the entire game.
 F = Experience gained in this place divided by the number of levels of this place that you have seen.
                   A       B       C       D       E      F
               +-------+-------+-------+-------+-------+----------------------
         Total | 100.0 | 100.0 |  -nan |  -nan | 100.0 |  31.0
       Dungeon | 100.0 | 100.0 |  -nan |  -nan | 100.0 |  31.0
               +-------+-------+-------+-------+-------+----------------------

Vanquished Creatures
  2 adders (D:2)
  2 oozes (D:2)
  A ball python (D:2)
  9 bats
  A giant cockroach (D:2)
  4 hobgoblins
  6 kobolds
  3 giant newts
  6 goblins
  6 rats
40 creatures vanquished.

Notes
Turn   | Place    | Note
--------------------------------------------------------------
     0 | D:1      | jw the Octopode Berserker began the quest for the Orb.
     0 | D:1      | Reached XP level 1. HP: 16/16 MP: 1/1
   405 | D:1      | Reached XP level 2. HP: 21/21 MP: 2/2
   929 | D:2      | Reached skill level 1 in Throwing
  1178 | D:2      | Reached XP level 3. HP: 26/26 MP: 3/3
  1179 | D:2      | Reached ** piety under Trog
  1616 | D:2      | Reached skill level 4 in Axes
  1676 | D:2      | Reached XP level 4. HP: 22/31 MP: 4/4
  2192 | D:3      | HP: 1/32 [gnoll/spear (8)]
  2192 | D:3      | Mangled by a gnoll

Action                   |  1- 3 |  4- 6 || total
-------------------------+-------+-------++-------
Melee: Hand axe          |    42 |     4 ||    46
Throw: Stone             |   103 |     6 ||   109
Invok: Berserk           |     1 |       ||     1
       Trog's Hand       |       |     1 ||     1
 Stab: Sleeping          |       |     1 ||     1
  Eat: Chunk             |     3 |     1 ||     4

Vault maps used:
D:1:      ncdulo_watergridlock
D:3:      minmay_lizard_king
